Map: King's Cove LE

Players

Friend

  • Race: Zerg Zerg
  • Spawn Location: 5:00

Kas - Winner!

  • Race: Terran Terran
  • Spawn Location: 11:00

Event: 2019 WCS Spring

VOD

Have the link to the VOD?

Description

Time

  • Played on: May 17, 2019, 6:55 a.m.
  • Length: 15:23

All games in this series

Show
View Real Time Build Order
Export as new Build Order

Friend Zerg 

Build Orders: Pool First 

Get SALT Encoding   

  12  0:00  Drone  
  13  0:13  Overlord  
  13  0:17  Drone  
  14  0:31  Drone  
  14  0:32  Drone  
  14  0:35  Drone  
  17  0:45  Spawning Pool  
  17  0:48  Drone  
  17  1:03  Extractor  
  16  1:11  Hatchery  
  15  1:15  Drone  
  16  1:32  Zergling x6  
  18  1:38  Queen  
  21  1:44  Drone  
  22  1:53  Roach Warren  
  21  2:01  Overlord  
  21  2:09  Overlord  
  21  2:36  Roach x4  
  29  2:41  Roach  
  31  2:51  Drone x3  
  33  2:55  Drone  
  35  3:00  Ravager  
  35  3:03  Drone  
  37  3:11  Ravager  
  38  3:15  Queen  
  40  3:22  Drone  
  40  3:23  Drone  
  40  3:32  Drone x2  
  41  3:36  Spore Crawler  
  41  3:39  Ravager  
  41  3:53  Overlord  
  41  3:54  Drone x2  
  43  4:17  Metabolic Boost  
  43  4:21  Hatchery  
  42  4:24  Drone x3  
  45  4:35  Drone x2  
  45  4:36  Spore Crawler  
  46  4:44  Queen  
  45  4:53  Queen  
  45  4:59  Roach x2, Zergling x2  
  48  5:10  Drone x4  
  52  5:17  Overlord x2  
  51  5:29  Overlord, Drone  
  51  5:33  Overlord  
  51  5:34  Queen  
  54  5:44  Drone x2  
  54  5:48  Drone x3  
  59  5:52  Drone x4  
  63  5:59  Spore Crawler  
  63  6:00  Queen  
  59  6:14  Extractor  
  59  6:16  Drone x5  
  59  6:17  Drone  
  59  6:18  Drone x4  
  65  6:23  Zergling x6  
  65  6:24  Zergling x2  
  66  6:28  Queen  
  63  6:36  Drone  
  63  6:37  Drone  
  63  6:39  Queen  
  62  6:50  Drone x6  
  62  6:55  Drone  
  62  7:03  Lair  
  62  7:05  Baneling Nest  
  62  7:06  Drone x5  
  66  7:18  Overlord x2  
  66  7:20  Drone x4  
  70  7:24  Extractor  
  70  7:25  Extractor  
  68  7:35  Hatchery, Drone x6  
  73  7:41  Evolution Chamber x2  
  71  7:45  Overlord x2  
  71  7:55  Overlord x2  
  70  7:59  Drone x4  
  70  8:02  Centrifical Hooks  
  74  8:06  Overseer  
  74  8:08  Zergling x10  
  74  8:12  Zerg Melee Weapons Level 1  
  78  8:14  Baneling x3  
  78  8:15  Baneling  
  78  8:17  Zerg Missile Weapons Level 1  
  78  8:22  Queen  
  78  8:23  Zergling x2  
  78  8:24  Zergling x4  
  83  8:39  Hydralisk Den, Zergling x20  
  92  8:41  Baneling  
  92  8:42  Hatchery, Baneling x3  
  91  8:52  Extractor  
  91  8:54  Extractor  
  84  9:17  Hydralisk x10  
  77  9:18  Zergling x10  
  89  9:31  Drone x8  
  93  9:38  Zergling x2  
  93  9:39  Zergling x2  
  93  9:43  Baneling x5  
  95  9:47  Drone x3  
  98  9:53  Drone  
  98  9:56  Grooved Spines  
  99  10:04  Overseer  
  99  10:08  Zerg Melee Weapons Level 2  
  99  10:12  Drone x3  
  99  10:13  Drone x3  
  105  10:27  Hydralisk x2  
  105  10:28  Zergling x20  
  115  10:44  Hydralisk x4  
  115  10:45  Zergling x8  
  118  10:58  Queen  
  118  11:00  Baneling x5  
  118  11:01  Baneling x13  
  118  11:02  Overlord x3  
  120  11:07  Muscular Augments  
  120  11:20  Overlord  
  120  11:22  Hydralisk  
  120  11:23  Hydralisk x4  
  120  11:24  Zergling x8  
  134  11:32  Hydralisk x2  
  115  11:33  Hydralisk, Zergling x2  
  115  11:34  Zergling x2  
  115  11:39  Hydralisk x2  
  121  11:44  Overlord  
  121  11:46  Baneling  
  121  11:47  Baneling x7, Zergling x4  
  119  11:54  Zergling x2  
  119  11:55  Zergling x10  
  119  11:59  Zerg Missile Weapons Level 2  
  110  12:16  Hydralisk  
  110  12:17  Hydralisk x5  
  110  12:18  Zergling x6  
  117  12:27  Hatchery  
  117  12:29  Baneling x5  
  116  12:35  Hydralisk x2  
  116  12:36  Zergling x2  
  114  12:49  Hydralisk x5  
  122  12:56  Overseer  
  122  13:01  Hydralisk, Baneling x9  
  122  13:02  Zergling x4  
  126  13:06  Zergling x4  
  126  13:07  Zergling x2  
  118  13:25  Hydralisk x7  
  121  13:38  Hydralisk x2  
  121  13:39  Hydralisk, Zergling x2  
  121  13:40  Zergling x4  
  129  13:48  Hydralisk x2  
  126  13:49  Zergling x4  
  130  14:01  Queen  
  132  14:03  Hydralisk x2  
  132  14:09  Infestation Pit  
  124  14:18  Hydralisk x3  
  124  14:20  Overlord x3  
  108  14:51  Drone x16  
Show
View Real Time Build Order
Export as new Build Order

Kas Terran - Winner!

Build Orders: Gas First Reaper Expand, Mech 

Get SALT Encoding   

  12  0:00  SCV  
  13  0:13  SCV  
  14  0:18  Supply Depot  
  14  0:25  SCV  
  15  0:29  Refinery  
  15  0:40  SCV  
  16  0:46  Barracks  
  16  0:52  SCV  
  17  1:04  SCV  
  18  1:16  SCV  
  19  1:33  Orbital Command  
  19  1:34  Reaper  
  20  1:47  Command Center  
  20  1:58  Factory  
  20  2:02  SCV  
  21  2:09  Barracks Reactor  
  20  2:17  SCV, Refinery  
  20  2:22  Supply Depot  
  21  2:29  SCV  
  22  2:41  SCV  
  23  2:44  Starport  
  25  2:51  Hellion x2  
  25  2:54  SCV  
  28  3:02  Orbital Command  
  28  3:06  SCV  
  29  3:18  Hellion x2  
  29  3:19  Barracks Tech Lab  
  33  3:31  Bunker  
  33  3:44  Marine, Banshee  
  37  3:50  Factory Tech Lab  
  37  3:51  Marine  
  37  3:55  Supply Depot  
  36  4:07  Orbital Command  
  36  4:16  Siege Tank  
  38  4:20  Supply Depot  
  38  4:24  Cloaking Field  
  38  4:41  Banshee  
  38  4:42  SCV x2  
  44  4:51  Siege Tank, Barracks Reactor  
  46  4:53  Supply Depot  
  46  4:54  Supply Depot  
  46  5:15  SCV x2, Command Center  
  48  5:25  Supply Depot  
  48  5:27  SCV x2  
  50  5:34  Factory  
  50  5:35  Factory  
  50  5:39  SCV x2  
  50  5:40  Hellion  
  54  5:47  Hellion  
  56  5:51  SCV x2  
  56  5:52  Supply Depot  
  58  6:03  SCV x2  
  60  6:15  SCV  
  60  6:17  SCV  
  62  6:28  SCV x2, Cyclone  
  62  6:31  SCV, Refinery  
  62  6:32  Refinery  
  68  6:37  Cyclone  
  71  6:40  SCV  
  71  6:44  Orbital Command  
  71  6:45  SCV  
  73  6:50  Hellion x2  
  69  6:56  Infernal Pre-Igniter, SCV  
  69  6:57  Mag-Field Accelerator  
  69  7:00  SCV  
  69  7:01  Hellion, Orbital Command  
  70  7:08  SCV  
  70  7:11  Hellion  
  70  7:12  SCV, Hellion  
  70  7:15  Cyclone  
  78  7:20  SCV  
  78  7:22  Cyclone  
  82  7:24  SCV  
  82  7:27  SCV  
  84  7:31  Supply Depot  
  84  7:32  SCV, Supply Depot  
  84  7:37  SCV  
  86  7:39  SCV  
  86  7:42  Factory  
  86  7:43  Hellion x2, Factory  
  91  7:44  SCV  
  91  7:47  Supply Depot  
  92  7:51  Barracks Reactor  
  92  7:52  SCV, Supply Depot  
  92  7:54  SCV  
  92  7:55  Cyclone  
  92  7:57  SCV  
  98  8:05  SCV  
  99  8:06  SCV  
  99  8:08  Refinery x2  
  99  8:09  Armory  
  99  8:10  Supply Depot  
  99  8:11  SCV, Supply Depot  
  101  8:22  Cyclone  
  101  8:23  Hellion x2  
  105  8:28  SCV x2  
  105  8:31  Factory Tech Lab  
  105  8:33  Supply Depot  
  107  8:35  SCV, Supply Depot  
  107  8:40  Supply Depot  
  108  8:41  Supply Depot  
  108  8:42  Cyclone  
  108  8:44  Hellion x2  
  108  8:45  SCV  
  116  8:50  SCV  
  116  8:51  Hellion x2  
  121  9:01  Supply Depot  
  121  9:03  Cyclone  
  121  9:04  Supply Depot  
  124  9:15  Cyclone x2  
  124  9:30  Command Center  
  122  9:33  Hellion  
  122  9:35  Cyclone  
  121  9:40  Hellion  
  121  9:45  Terran Vehicle And Ship Armor Level 1  
  123  9:47  Cyclone x2  
  123  9:49  SCV x2, Engineering Bay  
  131  9:55  Supply Depot  
  131  9:56  Supply Depot  
  131  9:59  SCV  
  132  10:01  SCV  
  132  10:04  Drilling Claws  
  132  10:05  Widow Mine x2  
  137  10:08  Widow Mine  
  137  10:10  Cyclone  
  142  10:19  Cyclone  
  142  10:21  Missile Turret  
  145  10:23  Missile Turret  
  145  10:24  SCV x2  
  145  10:25  SCV  
  148  10:28  Supply Depot  
  148  10:29  Supply Depot  
  148  10:36  SCV  
  148  10:39  Cyclone  
  152  10:49  Cyclone  
  155  10:50  Planetary Fortress  
  155  10:51  Cyclone  
  155  10:52  SCV x2  
  155  10:53  Refinery  
  155  10:54  Refinery  
  160  10:59  Sensor Tower  
  160  11:06  SCV x2  
  160  11:09  Barracks Reactor  
  160  11:11  Factory  
  162  11:13  Cyclone, Factory  
  162  11:14  Factory  
  162  11:15  Hellion x2  
  162  11:17  Hellion x2  
  173  11:21  Cyclone  
  173  11:23  SCV  
  177  11:26  Armory  
  158  11:33  Cyclone  
  158  11:35  Command Center  
  158  11:38  Hellion x2  
  160  11:45  Cyclone  
  163  11:48  Terran Vehicle And Ship Armor Level 2  
  163  11:56  Fusion Core, Cyclone  
  163  11:57  Starport, Factory Tech Lab x2  
  166  12:01  Hellion  
  166  12:02  Hellion  
  166  12:03  Starport Reactor  
  166  12:05  Cyclone  
  151  12:16  Cyclone x2  
  151  12:17  Cyclone  
  152  12:23  Hellion  
  152  12:25  SCV x2  
  152  12:28  Cyclone  
  159  12:30  Liberator x2  
  157  12:37  Cyclone  
  160  12:46  Starport Tech Lab  
  160  12:48  Cyclone x2  
  160  12:49  Cyclone  
  175  12:53  Planetary Fortress  
  175  12:54  Refinery  
  175  12:57  Command Center  
  175  13:01  Command Center  
  175  13:04  SCV x4  
  179  13:07  Cyclone  
  179  13:09  Advanced Ballistics  
  179  13:11  Liberator  
  182  13:12  Liberator  
  182  13:15  Terran Vehicle Weapons Level 1  
  182  13:16  SCV x3  
  172  13:23  Cyclone x2  
  172  13:26  Cyclone x2  
  180  13:30  Hellion x2  
  190  13:40  Cyclone  
  191  13:55  Cyclone x2  
  191  13:58  Cyclone  
  200  14:09  Command Center  
  200  14:11  Orbital Command  
  200  14:12  Command Center x2  
  189  14:19  Cyclone  
  189  14:20  Cyclone  
  189  14:21  Orbital Command  
  172  14:47  Cyclone x3  
  172  14:56  Hellion x2  
  172  14:57  Hellion x4  
  187  15:02  Starport  
  187  15:04  Starport  
Tags
 
Add a new tag
Caveats
  • Supply blocks, unpowered buildings, or Contaminate may cause inaccurate times.
  • Supply counts are checked every 10 seconds.